 Dungeon Crawl Stone Soup version 0.31.0-9-g3a7656b989 (webtiles) character file.

Game seed: 15466521933543278105

128 qw the Skirmisher (level 4, 0/25 HPs)
             Began as a Deep Elf Hunter on Feb 2, 2024.
             Slain by an iguana (4 damage)
             ... on level 4 of the Dungeon.
             The game lasted 00:00:07 (2100 turns).

qw the Skirmisher (Deep Elf Hunter)                 Turns: 2100, Time: 00:00:08

Health: 0/25       AC:  9    Str: 10    XL:     4   Next: 87%
Magic:  6/6        EV:  9    Int: 14    God:
Gold:   163        SH:  0    Dex: 18    Spells: 3/3 levels left

rFire   . . .        a - +0 shortbow
rCold   . . .        (shield currently unavailable)
rNeg    . . .        e - +0 scale mail
rPois   .            b - +1 helmet "Ishurido" {Stlth+}
rElec   .            (no cloak)
rCorr   .            f - +0 pair of gloves
SInv    .            (no boots)
Will    .....        (no amulet)
Stlth   ++           (no ring)
HPRegen 0.24/turn    (no ring)
MPRegen 0.10/turn

%: no passive effects
@: about to teleport
A: no striking features
a: no special abilities


You were on level 4 of the Dungeon.
You visited 1 branch of the dungeon, and saw 4 of its levels.

You collected 163 gold pieces.


   Skills:
 - Level 1.5 Fighting
 - Level 8.2 Ranged Weapons
 + Level 0.3 Armour
 - Level 2.4 Dodging
 - Level 1.2 Stealth


You had 3 spell levels left.
You didn't know any spells.
Your spell library was empty.

Inventory:

Hand Weapons
 a - a +0 shortbow (weapon)
Armour
 b - the +1 helmet "Ishurido" (worn) {Stlth+}
   (You acquired it on level 2 of the Dungeon)

   Stlth+:    It makes you more stealthy.
 c - a +2 pair of gloves
 e - a +0 scale mail (worn)
 f - a +0 pair of gloves (worn)
Wands
 d - a wand of digging (6)
Scrolls
 g - a scroll of teleportation
Potions
 h - 3 potions of enlightenment

Dungeon Overview and Level Annotations

Branches:
Dungeon (4/15)
 Temple: D:4-7

Altars:

Shops:
D:2 (


Message History

You shoot an arrow. The arrow hits the iguana!
The iguana is severely wounded.
The iguana closely misses you.
You shoot an arrow. The arrow barely misses the iguana.
The arrow hits the orc wizard.
The orc wizard is severely wounded.
The iguana bites you. x2
2092 ||| READING 4 scrolls of teleportation.
As you read the scroll of teleportation, it crumbles to dust.
You feel strangely unstable.
The orc wizard mumbles some strange words.
The orc wizard flickers and vanishes!
Deactivating autopickup; reactivate with Ctrl-A.
The iguana bites you but does no damage.
You shoot an arrow. The arrow barely misses the iguana.
The arrow hits the orc.
The orc is almost dead.
The iguana barely misses you.
You shoot an arrow. The arrow closely misses the iguana.
The arrow hits the orc.
You kill the orc!
Your surroundings seem slightly different.
2095 ||| READING 3 scrolls of teleportation.
As you read the scroll of teleportation, it crumbles to dust.
You feel strangely unstable.
2096 ||| RETREEEEATING.
The orc closely misses you.
The iguana bites you but does no damage.
2097 ||| RETREEEEATING.
You shoot an arrow.
The arrow hits the orc but does no damage.
Your surroundings suddenly seem different.
An iguana comes into view.
Autopickup is now on.
2099 ||| READING 2 scrolls of teleportation.
As you read the scroll of teleportation, it crumbles to dust.
You feel strangely unstable.
You shoot an arrow. The arrow hits the iguana.
The iguana hisses angrily.
The iguana is moderately wounded.
The iguana bites you.
You die...

###### ..... #
#.... #.#...###
###.......#
......l...#
#.....@..#
#..#............
#....####.#.#
##.#.# #.# #. .#
#.# #. .# #.# .. ..
#.# #.#.######.####
>!............#####


You could see an iguana.

Vanquished Creatures
  Terence (D:3)
  4 adders
  A dart slug (D:2)
  3 orcs
  7 endoplasms
  A giant cockroach (D:1)
  6 goblins
  4 hobgoblins
  7 jackals
  3 quokkas
  4 ball pythons (D:1)
  4 bats
  4 frilled lizards
  4 kobolds (D:3)
  7 rats
60 creatures vanquished.

Notes
Turn   | Place    | Note
-------+----------+-------------------------------------------
     0 | D:1      | qw the Deep Elf Hunter began the quest for the Orb.
     0 | D:1      | Reached XP level 1. HP: 12/12 MP: 3/3
     0 | D:1      | 0 ||| qw: Version: 0.3-a-155-g5e7d8dd
     0 | D:1      | 0 ||| qw: Game counter: 1355
     0 | D:1      | 0 ||| qw: Melee chars always use a shield: true
     0 | D:1      | 0 ||| qw: God list: Okawaru
     0 | D:1      | 0 ||| qw: Allow faded altars: false
     0 | D:1      | 0 ||| qw: Do Orc after clearing Dungeon:15 true
     0 | D:1      | 0 ||| qw: Do second Lair branch before Depths: true
     0 | D:1      | 0 ||| qw: Lair rune preference: random
     0 | D:1      | 0 ||| qw: Goals: Normal
     0 | D:1      | 0 ||| PLANNING D:1-11
   118 | D:1      | HP: 3/12 [jackal (3)]
   119 | D:1      | Reached XP level 2. HP: 5/16 MP: 4/4
   120 | D:1      | Reached skill level 6 in Ranged Weapons
   202 | D:1      | Found a faded altar of an unknown god.
   529 | D:1      | 529 ||| UPGRADING to +0 pair of gloves.
   534 | D:1      | 534 ||| READING 2 scrolls labelled GIASEM JIRRADOPT.
   534 | D:1      | 534 ||| IDENTIFYING brown potion
   535 | D:1      | 535 ||| READING scroll of identify.
   535 | D:1      | 535 ||| IDENTIFYING sedimented pink potion
   536 | D:1      | 536 ||| READING 4 scrolls labelled TONKISTR DIEW.
   539 | D:1      | 539 ||| DROPPING scroll of butterflies.
   540 | D:1      | 540 ||| DROPPING potion of attraction.
   541 | D:1      | 541 ||| DROPPING potion of degeneration.
   655 | D:2      | Reached XP level 3. HP: 20/20 MP: 5/5
   699 | D:2      | Reached skill level 7 in Ranged Weapons
  1076 | D:2      | Found Longag's Weapon Boutique.
  1181 | D:2      | 1181 ||| UPGRADING to +0 scale mail.
  1191 | D:2      | 1191 ||| DROPPING +0 leather armour.
  1192 | D:2      | 1192 ||| READING scroll of identify.
  1192 | D:2      | 1192 ||| IDENTIFYING 2 bubbling ruby potions
  1193 | D:2      | 1193 ||| READING scroll labelled WEFYHURUD.
  1193 | D:2      | Identified a scroll of acquirement
  1193 | D:2      | 1193 ||| ACQUIRING +1 helmet "Ishurido" {Stlth+}
  1193 | D:2      | Acquired the +1 helmet "Ishurido" {Stlth+}
  1195 | D:2      | 1195 ||| UPGRADING to +1 helmet "Ishurido" {Stlth+}.
  1200 | D:2      | 1200 ||| READING scroll labelled ANEBEN EKULO.
  1390 | D:3      | Reached XP level 4. HP: 25/25 MP: 6/6
  1902 | D:3      | Noticed Terence
  1910 | D:3      | Killed Terence
  1911 | D:3      | Reached skill level 8 in Ranged Weapons
  2019 | D:3      | 2019 ||| READING scroll labelled MOTA QUYHAYK.
  2081 | D:4      | 2081 ||| RETREEEEATING.
  2083 | D:4      | 2083 ||| RETREEEEATING.
  2086 | D:4      | 2086 ||| RETREEEEATING.
  2087 | D:4      | 2087 ||| RETREEEEATING.
  2091 | D:4      | HP: 2/25 [iguana (5)]
  2092 | D:4      | 2092 ||| READING 4 scrolls of teleportation.
  2095 | D:4      | 2095 ||| READING 3 scrolls of teleportation.
  2096 | D:4      | 2096 ||| RETREEEEATING.
  2097 | D:4      | 2097 ||| RETREEEEATING.
  2099 | D:4      | 2099 ||| READING 2 scrolls of teleportation.
  2100 | D:4      | Slain by an iguana

Levels and vault maps discovered:
D:1:      lemuel_arrival_rhombus, layout_basic, basic_ecumenical_altar
D:2:      layout_basic, serial_shops, nicolae_shop_bloodbath_and_beyond
D:3:      layout_loops_ring, grunt_ministairs_14, minivault_25, uniq_terence
D:4:      minmay_octagon_keep, layout_loops_ring

Skill      XL: |  1  2  3  4 |
---------------+-------------+-----
Ranged Weapons | 6 7 8 |  8.2
Fighting       | |  1.5
Armour         | |  0.3
Dodging        | |  2.4
Stealth        | |  1.2

Action                     |  1- 3 |  4- 6 || total
---------------------------+-------+-------++-------
   Fire: Shortbow          |   124 |    66 ||   190
    Use: Scroll            |     6 |     4 ||    10
 Armour: Leather armour    |    37 |       ||    37
         Scale mail        |     2 |    26 ||    28
  Dodge: Dodged            |    47 |    21 ||    68

Table legend:
 A = Non-vault XP
 B = Vault XP
 C = Vault XP percentage of total XP
 D = Non-vault monster count
 E = Vault monster count
 F = Vault count percentage of total count
                 A         B        C        D         E       F
            +---------+---------+-------+---------+---------+-------
      Total |     145 |      39 |  21.2 |      57 |       3 |   5.0
            +---------+---------+-------+---------+---------+-------
        D:1 |      28 |       0 |   0.0 |      18 |       0 |   0.0
        D:2 |      50 |       0 |   0.0 |      15 |       0 |   0.0
        D:3 |      59 |      39 |  39.8 |      21 |       3 |  12.5
        D:4 |       8 |       0 |   0.0 |       3 |       0 |   0.0
            +---------+---------+-------+---------+---------+-------
